Map: Distant Plane

Players

Triss

  • Race: Protoss Protoss

Hiro

  • Race: Zerg Zerg
  • League: Diamond

JohnMcClane

  • Race: Protoss Protoss
  • League: Gold

Hindulaatti

  • Race: Zerg Zerg

VOD

Have the link to the VOD?

Description

Time

  • Played on: Feb. 4, 2016, 2:02 p.m.
  • Length: 16:15
Show
View Real Time Build Order
Export as new Build Order

Triss Protoss 

Build Orders: 1 Gate Expand 

Get SALT Encoding   

  12  0:01  Probe (Chrono Boost)  
  13  0:12  Probe (Chrono Boost)  
  14  0:18  Pylon  
  14  0:22  Probe (Chrono Boost)  
  15  0:36  Probe (Chrono Boost)  
  15  0:40  Gateway  
  16  0:47  Probe (Chrono Boost)  
  16  0:48  Assimilator  
  17  0:57  Probe (Chrono Boost)  
  18  1:08  Probe (Chrono Boost)  
  18  1:10  Pylon  
  19  1:34  Nexus  
  19  1:42  Cybernetics Core  
  19  1:56  Zealot (Chrono Boost)  
  20  2:03  Probe  
  20  2:08  Assimilator  
  21  2:15  Probe (Chrono Boost)  
  22  2:19  Warp Gate (Chrono Boost)  
  22  2:27  Probe (Chrono Boost)  
  23  2:37  Mothership Core (Chrono Boost)  
  25  2:50  Probe  
  25  2:57  Probe  
  26  3:09  Probe  
  27  3:20  Gateway  
  27  3:21  Gateway  
  27  3:22  Probe  
  27  3:23  Gateway  
  28  3:34  Probe  
  28  3:46  Probe  
  29  4:01  Nexus  
  29  4:04  Pylon  
  29  4:08  Pylon  
  29  4:12  Pylon  
  29  4:21  Sentry  
  29  4:22  Sentry x2  
  35  4:45  Stalker  
  35  4:46  Stalker x3  
  43  5:24  Stalker x2  
  43  5:25  Stalker x2  
  43  5:26  Probe (Chrono Boost)  
  43  5:27  Probe (Chrono Boost)  
  53  5:37  Probe x2 (Chrono Boost)  
  55  5:50  Probe x2 (Chrono Boost)  
  57  6:00  Probe (Chrono Boost)  
  57  6:01  Probe (Chrono Boost)  
  59  6:08  Nexus  
  60  6:11  Probe x2 (Chrono Boost)  
  60  6:15  Assimilator  
  60  6:17  Sentry x2  
  65  6:19  Sentry  
  65  6:20  Sentry  
  65  6:21  Probe (Chrono Boost)  
  70  6:29  Pylon  
  70  6:31  Pylon  
  70  6:34  Assimilator  
  70  6:47  Probe x2 (Chrono Boost)  
  54  7:41  Stalker x4  
  52  7:52  Probe (Chrono Boost)  
  52  7:53  Probe x2 (Chrono Boost)  
  49  8:03  Probe x2 (Chrono Boost), Gateway  
  49  8:04  Gateway  
  51  8:06  Gateway  
  51  8:08  Gateway  
  51  8:09  Stalker x2  
  51  8:10  Stalker x2  
  59  8:15  Forge, Probe x3 (Chrono Boost)  
  59  8:17  Forge  
  62  8:20  Twilight Council  
  62  8:25  Probe x3 (Chrono Boost)  
  65  8:30  Pylon  
  65  8:35  Pylon  
  65  8:36  Probe x2 (Chrono Boost)  
  65  8:37  Stalker x3  
  65  8:38  Pylon, Stalker  
  65  8:40  Protoss Ground Armor Level 1, Protoss Ground Weapons Level 1  
  75  8:44  Assimilator  
  75  8:47  Probe x3 (Chrono Boost)  
  78  8:48  Assimilator  
  77  8:57  Probe (Chrono Boost)  
  77  9:02  Mothership Core (Chrono Boost)  
  79  9:04  Blink (Chrono Boost)  
  79  9:15  Stalker x6  
  91  9:17  Stalker  
  91  9:19  Stalker  
  89  9:48  Stalker x3  
  89  9:49  Stalker x3  
  93  10:36  Stalker x6  
  93  10:37  Stalker x2  
  81  11:15  Protoss Ground Weapons Level 2  
  75  11:29  Stalker x6  
  75  11:30  Protoss Ground Armor Level 2, Stalker x2  
  91  11:56  Nexus  
  90  12:05  Zealot x2  
  90  12:06  Zealot x6  
  90  12:08  Pylon  
  106  12:11  Pylon, Charge (Chrono Boost)  
  105  12:28  Zealot  
  105  12:29  Zealot x6  
  119  12:30  Zealot  
  109  13:29  Stalker x5  
  109  13:30  Stalker x2  
  113  13:56  Robotics Facility  
  113  14:13  Nexus  
  113  14:19  Stalker x5, Nexus  
  113  14:20  Stalker x3  
  113  14:22  Pylon  
  129  14:25  Pylon  
  129  14:43  Probe x3  
  132  14:45  Zealot  
  132  14:46  Zealot x7  
  132  14:51  Pylon  
  148  14:53  Observer, Pylon  
  148  14:55  Probe x3  
  148  14:56  Pylon  
  148  14:58  Pylon  
  152  15:00  Pylon  
  152  15:07  Probe x2  
  152  15:10  Zealot x3  
  152  15:11  Zealot x5  
  167  15:15  Observer  
  165  15:40  Stalker x4  
  165  15:41  Stalker x4  
  160  16:11  Zealot x2  
  160  16:12  Zealot x6  
Show
View Real Time Build Order
Export as new Build Order

Hiro Zerg 

Build Orders: Hatch First 

Get SALT Encoding   

  12  0:01  Drone  
  13  0:12  Overlord  
  13  0:19  Drone  
  14  0:32  Drone x2  
  16  0:39  Drone  
  17  0:55  Hatchery  
  16  0:59  Drone  
  16  1:00  Extractor  
  16  1:03  Drone  
  17  1:21  Spawning Pool  
  17  1:23  Drone  
  17  1:28  Drone  
  17  1:32  Drone  
  19  1:39  Overlord  
  19  1:50  Drone  
  20  2:02  Overlord  
  20  2:08  Metabolic Boost, Queen  
  21  2:11  Zergling x2  
  22  2:17  Zergling x2  
  22  2:21  Zergling x2  
  24  2:26  Zergling x2  
  24  2:42  Zergling x2  
  24  2:43  Zergling x4  
  25  2:52  Queen  
  27  2:59  Drone  
  27  3:00  Drone  
  29  3:05  Drone  
  29  3:06  Drone  
  31  3:25  Roach Warren  
  31  3:26  Drone x3  
  33  3:40  Zergling x10  
  38  3:56  Overlord x2  
  38  3:57  Overlord  
  38  4:00  Extractor  
  34  4:12  Drone x5  
  34  4:13  Drone  
  40  4:22  Lair  
  40  4:29  Evolution Chamber  
  39  4:32  Drone  
  39  4:33  Evolution Chamber  
  39  4:36  Drone  
  39  4:37  Drone  
  41  4:41  Drone  
  41  4:42  Drone  
  41  4:44  Drone  
  44  4:52  Drone x3  
  47  5:02  Drone x5  
  52  5:07  Extractor  
  51  5:19  Extractor  
  48  5:24  Drone x2  
  48  5:25  Drone x4  
  54  5:30  Glial Reconstitution  
  54  5:34  Zerg Missile Weapons Level 1  
  54  5:39  Zerg Ground Armor Level 1  
  54  5:45  Overlord  
  54  5:46  Drone  
  55  5:52  Overlord  
  55  6:02  Roach x2  
  55  6:03  Roach x3  
  65  6:05  Overlord  
  65  6:09  Roach  
  67  6:17  Roach x3  
  73  6:19  Overseer  
  73  6:24  Roach x2  
  73  6:25  Roach  
  79  6:32  Spore Crawler  
  78  6:33  Spore Crawler  
  78  6:36  Roach x3  
  83  6:45  Roach x3  
  89  6:48  Overlord  
  88  7:14  Roach  
  88  7:15  Roach x8  
  98  7:16  Roach  
  94  7:31  Roach x3  
  92  7:44  Roach x5  
  94  7:55  Roach x2  
  94  8:03  Roach  
  90  8:14  Roach x2  
  90  8:16  Zerg Missile Weapons Level 2  
  90  8:17  Zerg Ground Armor Level 2  
  90  8:18  Hatchery, Overlord  
  93  8:23  Ravager x6  
  93  8:26  Overlord  
  99  8:33  Overlord x2  
  99  8:45  Roach x5  
  109  8:50  Roach  
  111  9:06  Roach x5  
  111  9:07  Hydralisk Den  
  120  9:16  Roach  
  120  9:17  Roach x3  
  128  9:28  Roach x3  
  128  9:29  Roach  
  115  9:44  Roach x4  
  115  9:45  Roach  
  109  9:56  Roach x4  
  113  10:01  Roach  
  115  10:12  Roach x2  
  115  10:13  Roach  
  117  10:20  Roach x2  
  108  10:21  Roach  
  108  10:31  Roach x2  
  108  10:35  Queen  
  112  10:39  Roach  
  110  10:53  Ravager x4  
  107  11:01  Roach  
  107  11:02  Roach x7  
  100  11:07  Overseer  
  100  11:08  Overseer  
  98  11:14  Spine Crawler  
  98  11:17  Spine Crawler  
  96  11:18  Spine Crawler  
  96  11:21  Spine Crawler  
  96  11:22  Roach  
  96  11:29  Roach x2  
  100  11:33  Spore Crawler  
  100  11:37  Spine Crawler  
  100  11:38  Roach  
  88  11:43  Roach  
  88  11:45  Roach  
  92  11:49  Drone  
  92  11:50  Drone x2  
  92  11:52  Drone  
  96  12:08  Spine Crawler, Roach x3  
  101  12:18  Roach x3  
  106  12:28  Roach x3  
  112  12:31  Drone x2  
  114  12:42  Roach  
  114  12:43  Roach x3  
  122  12:56  Roach x4  
  122  12:57  Roach  
  134  13:13  Roach x3  
  122  13:41  Roach x2  
  122  13:48  Overseer x2  
  113  13:53  Roach x2  
  113  13:54  Roach x3  
  117  14:09  Roach x2  
  121  14:19  Overlord x5  
  121  14:24  Extractor  
  121  14:25  Roach  
  121  14:28  Hatchery  
  121  14:44  Lurker Den  
  121  14:46  Infestation Pit, Roach x8  
  121  14:47  Roach x4  
  121  14:50  Ravager x2  
  121  14:51  Ravager x3  
  149  15:04  Roach x4  
  149  15:05  Roach  
  149  15:07  Overlord  
  159  15:23  Roach  
  159  15:27  Overlord  
  159  15:28  Roach x4  
Show
View Real Time Build Order
Export as new Build Order

JohnMcClane Protoss 

Build Orders:  

Get SALT Encoding   

  12  0:01  Probe (Chrono Boost)  
  13  0:11  Probe (Chrono Boost)  
  14  0:19  Pylon  
  14  0:23  Probe (Chrono Boost)  
  15  0:37  Probe (Chrono Boost)  
  15  0:39  Gateway  
  16  0:49  Probe (Chrono Boost)  
  17  0:53  Assimilator  
  17  0:59  Probe (Chrono Boost)  
  18  1:10  Probe (Chrono Boost)  
  19  1:14  Forge  
  19  1:20  Probe (Chrono Boost)  
  20  1:31  Cybernetics Core, Probe (Chrono Boost)  
  21  1:41  Probe (Chrono Boost)  
  22  1:58  Nexus  
  22  2:00  Pylon  
  22  2:08  Pylon  
  22  2:17  Warp Gate (Chrono Boost)  
  22  2:27  Photon Cannon  
  22  2:32  Probe  
  23  2:40  Photon Cannon  
  23  2:48  Assimilator  
  23  2:55  Probe  
  24  3:07  Mothership Core  
  24  3:08  Pylon  
  26  3:13  Photon Cannon  
  26  3:14  Gateway  
  26  3:20  Probe  
  27  3:37  Gateway  
  27  3:39  Gateway  
  27  3:41  Pylon  
  27  3:45  Probe  
  28  3:59  Probe  
  28  4:00  Probe  
  28  4:02  Gateway  
  30  4:11  Gateway  
  30  4:12  Probe  
  30  4:13  Probe  
  32  4:25  Stargate, Photon Cannon  
  32  4:27  Probe  
  32  4:28  Probe  
  34  4:40  Zealot  
  34  4:41  Zealot  
  38  4:48  Probe  
  38  4:49  Zealot x2  
  43  4:55  Pylon  
  43  5:14  Protoss Air Weapons Level 1 (Chrono Boost)  
  43  5:19  Phoenix  
  37  5:28  Assimilator, Stargate  
  37  5:30  Photon Cannon  
  37  5:31  Assimilator, Pylon  
  37  5:35  Sentry  
  39  5:49  Phoenix (Chrono Boost)  
  41  6:01  Probe x2  
  43  6:13  Phoenix (Chrono Boost), Pylon, Probe  
  48  6:18  Phoenix (Chrono Boost)  
  48  6:20  Zealot  
  48  6:21  Zealot  
  52  6:35  Phoenix (Chrono Boost)  
  52  6:38  Stalker  
  52  6:39  Stalker  
  60  6:43  Phoenix (Chrono Boost)  
  60  6:57  Phoenix (Chrono Boost)  
  62  7:02  Stalker  
  62  7:03  Stalker x2  
  56  7:27  Zealot x5  
  48  7:51  Zealot x5  
  58  8:13  Phoenix (Chrono Boost), Zealot  
  58  8:14  Zealot  
  58  8:15  Phoenix (Chrono Boost)  
  66  8:22  Protoss Ground Weapons Level 1 (Chrono Boost)  
  66  8:28  Twilight Council  
  66  8:35  Phoenix  
  66  8:36  Pylon  
  68  9:06  Charge (Chrono Boost)  
  68  9:08  Dark Shrine  
  68  9:13  Stalker x4  
  68  9:41  Phoenix  
  56  9:53  Stalker x5  
  58  10:25  Dark Templar x5  
  60  11:01  Void Ray x2  
  60  11:04  Zealot x3  
  58  11:39  Dark Templar x2  
  54  11:40  Zealot  
  54  11:41  Stalker x2  
  60  11:48  Archon  
  60  12:06  Pylon  
  60  12:11  Dark Templar x2  
  60  12:12  Zealot x3  
  60  12:15  Archon  
  60  12:32  Void Ray  
  60  12:33  Void Ray  
  60  12:35  Dark Templar  
  60  12:36  Dark Templar, Zealot  
  74  12:40  Archon  
  74  12:51  Dark Templar x2  
  78  13:00  Dark Templar  
  76  13:27  Dark Templar x3  
  56  13:44  Dark Templar  
  56  13:45  Zealot  
  58  14:09  Zealot x2  
  62  14:10  Zealot x2  
  62  14:13  Archon x3  
  66  14:17  Protoss Ground Armor Level 1 (Chrono Boost)  
  66  14:33  Dark Templar x2  
  66  14:34  Dark Templar x2  
  66  14:35  Zealot  
  66  14:37  Archon  
  66  14:38  Archon  
  76  15:16  Nexus  
  74  15:42  Dark Templar x2  
  76  15:43  Dark Templar, Zealot  
  76  15:44  Zealot  
Show
View Real Time Build Order
Export as new Build Order

Hindulaatti Zerg 

Build Orders: Pool First 

Get SALT Encoding   

  12  0:01  Drone  
  13  0:08  Drone  
  14  0:22  Extractor  
  14  0:24  Drone x2, Extractor  
  16  0:37  Spawning Pool  
  16  0:39  Extractor  
  14  0:47  Overlord  
  14  0:53  Drone, Extractor  
  15  1:16  Hatchery  
  14  1:23  Zergling x2  
  14  1:24  Zergling x2  
  16  1:28  Zergling x2  
  17  1:39  Zergling x2  
  18  1:43  Metabolic Boost  
  18  1:46  Zergling x2  
  19  1:57  Drone  
  20  2:14  Drone  
  21  2:17  Overlord  
  19  2:51  Drone  
  19  2:52  Drone x5  
  19  2:55  Hatchery  
  23  3:00  Queen  
  25  3:06  Zergling x4  
  27  3:13  Drone  
  27  3:19  Drone  
  29  3:28  Drone x2  
  31  3:41  Drone  
  31  3:49  Drone x3  
  34  3:57  Spine Crawler, Queen  
  34  3:58  Spine Crawler  
  34  4:04  Queen  
  34  4:08  Overlord x2  
  36  4:15  Drone  
  36  4:16  Drone  
  38  4:17  Drone x3  
  41  4:28  Baneling Nest  
  41  4:30  Spine Crawler  
  39  4:35  Drone x2  
  39  4:36  Drone  
  42  4:45  Drone  
  43  4:46  Drone x5  
  48  4:53  Drone x3  
  48  4:54  Extractor  
  48  4:56  Overlord  
  50  5:01  Zergling x6  
  50  5:19  Zergling x2  
  51  5:23  Baneling x2  
  51  5:24  Baneling x3  
  51  5:25  Baneling  
  51  5:29  Roach Warren  
  51  5:30  Lair  
  51  5:32  Extractor  
  49  5:35  Extractor  
  49  5:36  Extractor  
  49  5:37  Extractor  
  49  5:38  Spine Crawler, Baneling  
  49  5:41  Queen, Baneling  
  49  5:42  Queen  
  50  6:04  Drone x5  
  50  6:05  Drone  
  50  6:06  Drone  
  50  6:07  Drone x10  
  66  6:26  Overlord x4  
  66  6:27  Overlord x2  
  66  6:44  Zergling x8  
  66  6:45  Zergling x14  
  71  7:15  Roach  
  62  7:16  Roach x12  
  86  7:30  Roach x6  
  86  7:36  Roach x5  
  100  7:47  Roach  
  100  7:48  Roach x4  
  106  7:54  Glial Reconstitution  
  106  7:56  Evolution Chamber  
  106  7:58  Evolution Chamber  
  104  8:03  Centrifical Hooks  
  104  8:09  Infestation Pit  
  103  8:15  Ravager x2  
  103  8:16  Ravager  
  103  8:17  Ravager  
  103  8:18  Ravager  
  110  8:20  Roach x3  
  110  8:22  Overlord x2  
  110  8:23  Overlord x3  
  114  8:36  Overlord x2  
  114  8:37  Overlord  
  114  8:39  Zerg Missile Weapons Level 1  
  114  8:40  Zerg Ground Armor Level 1  
  114  8:45  Hive  
  114  8:46  Pneumatized Carapace  
  114  8:52  Pathogen Glands  
  114  9:11  Roach  
  114  9:12  Roach x7  
  114  9:14  Zergling x6  
  116  9:44  Zergling x2  
  116  9:45  Zergling x34  
  100  10:03  Infestor  
  100  10:04  Infestor x4  
  90  10:20  Zergling x6, Roach x3  
  49  11:02  Roach  
  49  11:03  Roach x10  
  63  11:06  Drone  
  63  11:07  Drone x3  
  67  11:12  Hatchery  
  67  11:13  Burrow  
  67  11:14  Zerg Missile Weapons Level 2  
  66  11:26  Zerg Ground Armor Level 2  
  66  11:35  Overseer  
  66  11:38  Roach x2  
  70  11:41  Infestor  
  70  11:46  Infestor x2  
  76  11:56  Infestor  
  76  11:57  Infestor  
  80  12:05  Infestor x2  
  84  12:09  Tunneling Claws  
  84  12:21  Roach x3  
  89  12:31  Drone  
  89  12:36  Infestor x2  
  94  12:43  Roach x2  
  98  12:55  Roach x4  
  98  12:56  Overseer  
  104  12:58  Overseer  
  104  13:18  Infestor x2  
  104  13:19  Infestor x4  
  62  13:40  Roach x4  
  62  13:41  Roach x6  
  74  13:56  Infestor x2  
  78  14:03  Roach x2  
  82  14:23  Roach  
  82  14:24  Roach x7  
  98  14:36  Roach  
  100  14:49  Roach  
  100  14:50  Roach x2  
  106  15:06  Roach x4  
  114  15:15  Roach  
  114  15:17  Roach x3  
  114  15:18  Roach x3  
  120  15:33  Hatchery  
Tags
 
Add a new tag
Caveats
  • Supply blocks, unpowered buildings, or Contaminate may cause inaccurate times.
  • Supply counts are checked every 10 seconds.